 Dungeon Crawl Stone Soup version 0.25.1-2-g60ff931df9 (webtiles) character file.

Game seed: 2269912629338995436

8 Chiseanne the Magician (level 2, 19/19 HPs)
             Began as a Demonspawn Wizard on Oct 8, 2020.
             Quit the game on level 1 of the Dungeon.
             The game lasted 00:01:14 (572 turns).

Chiseanne the Magician (Demonspawn Wizard)           Turns: 572, Time: 00:01:15

Health: 19/19      AC:  2    Str:  7    XL:     2   Next: 0%
Magic:  6/6        EV: 12    Int: 19    God:
Gold:   5          SH:  0    Dex: 11    Spells: 6/7 levels left

rFire    . . .     SeeInvis .   k - +2 dagger (elec)
rCold    . . .     Gourm    .   (no shield)
rNeg     . . .     Faith    .   a - +0 robe
rPois    .         Spirit   .   b - +0 hat
rElec    .         Reflect  .   (no cloak)
rCorr    .         Harm     .   (no gloves)
MR       .....                  (no boots)
Stlth    ++........             (no amulet)
HPRegen  0.06/turn              (no ring)
MPRegen  0.10/turn              (no ring)

@: no status effects
A: demonic guardian 1
a: no special abilities


You were on level 1 of the Dungeon.
You were not hungry.

You visited 1 branch of the dungeon, and saw 1 of its levels.

You collected 5 gold pieces.

Inventory:

Hand Weapons
 k - a +2 dagger of electrocution (weapon)
Missiles
 e - 8 poisoned darts (quivered)
 h - 30 stones
 i - 34 arrows
 l - 18 sling bullets
Armour
 a - a +0 robe (worn)
 b - a +0 hat (worn)
Scrolls
 f - a scroll of remove curse {unknown}
 g - 3 scrolls of identify {unknown}
 m - 2 scrolls of teleportation {unknown}
 n - a scroll of immolation {unknown}
Potions
 c - a potion of haste {unknown}
Comestibles
 d - 2 rations


   Skills:
 - Level 1.7 Dodging
 - Level 1.7 Stealth
 * Level 3.2 Spellcasting
 * Level 1.6 Conjurations
   Level 1.0 Summonings
   Level 0.8 Translocations


You had 6 spell levels left.
You knew the following spells:

 Your Spells              Type           Power        Failure   Level  Hunger
a - Magic Dart            Conj           #...         8%          1    None

Your spell library contained the following spells:

 Spells                   Type           Power        Failure   Level  Hunger
 Blink                    Tloc           N/A          16%         2    ##.....
 Call Imp                 Summ           #.......     16%         2    ##.....
 Slow                     Hex            #.......     22%         2    ##.....
 Conjure Flame            Conj/Fire      #.......     32%         3    ###....
 Mephitic Cloud           Conj/Pois/Air  #.......     34%         3    ###....


Dungeon Overview and Level Annotations

Branches:
Dungeon (1/15)

Altars:


Innate Abilities, Weirdness & Mutations

A weak demonic guardian rushes to your aid.


Message History

A kobold comes into view.
Casting: Magic Dart (safe; 8% risk of failure)
Confirm with . or Enter, or press ? or * to list all spells.
Aiming: Magic Dart (safe; 8% risk of failure)
Press: ? - help, Shift-Dir - straight line, f - kobold
Aim: a kobold The magic dart hits the kobold.
The kobold is moderately wounded.
Casting: Magic Dart (safe; 8% risk of failure)
Confirm with . or Enter, or press ? or * to list all spells.
Aiming: Magic Dart (safe; 8% risk of failure)
Press: ? - help, Shift-Dir - straight line, f/p - kobold
Aim: a kobold (moderately wounded)
The magic dart hits the kobold.
You kill the kobold!
You have reached level 2!
Your demonic ancestry asserts itself...
You feel the presence of a demonic guardian.
All of the chunks of flesh in your inventory have rotted away.
Are you sure you want to abandon this character and quit the game? (Confirm with "yes".)

.)###...# ##.#.##.#
#......... # # #.#
#......... ###.# #.#
#.#..♣.... ....# #.#
#......... ##### #.#
#......♣[. # #.........
############# #.........
..≈≈≈≈≈...'.###.@.......
..#####..##.....#.......
.♣♣P>P♣♣..###########...
..♣♣.♣♣..## . .........♣
.♣.≈≈≈.♣.♣ ..≈≈8≈≈..♣
.♣.≈≈≈.♣.♣ .........♣


There were no monsters in sight!

Vanquished Creatures
  A giant cockroach (D:1)
  A goblin (D:1)
  2 ball pythons (D:1)
  A bat (D:1)
  A frilled lizard (D:1)
  3 kobolds (D:1)
9 creatures vanquished.

Notes
Turn   | Place    | Note
-------+----------+-------------------------------------------
     0 | D:1      | Chiseanne the Demonspawn Wizard began the quest for the
                  | Orb.
     0 | D:1      | Reached XP level 1. HP: 13/13 MP: 4/4
   543 | D:1      | Gained mutation: A weak demonic guardian rushes to your
                  | aid. [demonic ancestry]
   543 | D:1      | Reached XP level 2. HP: 19/19 MP: 3/6
   572 | D:1      | Quit the game

Illustrated notes

Levels and vault maps discovered:
D:1:      tarquinn_simple_flora_water_b, layout_loops_ring,
          minmay_misc_feat_plants, minmay_vboxes

Action                   || total
-------------------------++-------
Melee: Unarmed           ||    11
       Hand axe          ||     2
 Cast: Magic Dart        ||    18
Armor: Robe              ||     7
Dodge: Dodged            ||     8
